 Seeded DCSS version 0.25-a0-458-g6fc7858 (webtiles) character file.

Game seed: 4037872804680729407, levelgen mode: deterministic

496 Buxparty the Slasher (level 6, -3/49 HPs)
             Began as a Vampire Chaos Knight on Feb 2, 2020.
             Was a Plaything of Xom.
             Killed from afar by a manticore (shapeshifter) (8 damage)
             ... with a volley of spikes
             ... on level 5 of the Dungeon.
             The game lasted 00:12:09 (3580 turns).

Buxparty the Slasher (Vampire Chaos Knight)         Turns: 3580, Time: 00:12:09

Health: -3/49      AC: 10    Str: 13    XL:     6   Next: 93%
Magic:  6/6        EV: 21    Int: 15    God:    Xom [..*...]
Gold:   356        SH:  4    Dex: 28    Spells: 5/5 levels left

rFire    . . .     SeeInvis +   a - +0 falchion (chaos)
rCold    . . .     Gourm    .   (no shield)
rNeg     . . .     Faith    .   b - +2 leather armour
rPois    .         Spirit   .   (no helmet)
rElec    .         Reflect  .   n - +1 cloak of Midnight {*Corrode Dex+10}
rCorr    .         Harm     .   (no gloves)
MR       .....                  y - +0 pair of boots
Stlth    ++++......             (no amulet)
HPRegen  0.36/turn              (no ring)
MPRegen  0.10/turn              (no ring)

@: agile, barbed spikes, regenerating quickly
A: no food, fangs 3, hooves 2, icy blue scales 1, large bone plates 1, see
invisible, unbreathing
a: Exsanguinate, Renounce Religion


You were on level 5 of the Dungeon.
You worshipped Xom.
You were a toy of Xom.
You were alive.

You visited 2 branches of the dungeon, and saw 6 of its levels.

You collected 356 gold pieces.

Inventory:

Hand Weapons
 a - a +0 falchion of chaos (weapon)
Missiles
 k - 15 poisoned darts (quivered)
Armour
 b - a +2 leather armour (worn)
 i - a scarf of resistance
 n - the +1 cloak of Midnight (worn) {*Corrode Dex+10}
   (Xom gifted it to you on level 3 of the Dungeon)

   It affects your dexterity (+10).
   It may corrode you when you take damage.
   If you remove this armour, your AC will fall 2 points (10 -> 8)
 y - a +0 pair of boots (worn)
Jewellery
 z - a cursed ring of teleportation {unknown}
Wands
 x - a wand of clouds (6)
Scrolls
 d - 4 scrolls of identify {unknown}
 e - a scroll of enchant weapon {unknown}
 g - 2 scrolls of remove curse {unknown}
 h - a scroll of enchant armour {unknown}
 o - a scroll of teleportation {unknown}
 q - a scroll of immolation {unknown}
 r - 3 scrolls of amnesia {unknown}
 v - a scroll of fear {unknown}
Potions
 c - a potion of magic {unknown}
 f - a potion of flight {unknown}
 j - 3 potions of curing {unknown}
 l - 2 potions of agility {unknown}
 m - a potion of invisibility {unknown}
 p - a potion of lignification {unknown}
 s - a potion of heal wounds {unknown}
 t - 2 potions of haste {unknown}
 u - a potion of brilliance {unknown}
 w - a potion of degeneration {unknown}


   Skills:
 + Level 4.3 Fighting
 + Level 5.1 Long Blades
 - Level 0.8 Armour
 + Level 4.4 Dodging
 + Level 4.4 Stealth


You had 5 spell levels left.
You didn't know any spells.
Your spell library was empty.

Dungeon Overview and Level Annotations

Branches:
Dungeon (5/15)             Temple (1/1) D:4

Altars:
Ashenzari
Elyvilon
Fedhas
Gozag
Hepliaklqana
Kikubaaqudgha
Makhleb
Nemelex Xobeh
Okawaru
Qazlal
Ru
Sif Muna
Trog
Uskayaw
Vehumet
Yredelemnul
Zin
The Shining One


Innate Abilities, Weirdness & Mutations

You do not eat.
Your natural rate of healing is unusually fast.
You have razor-sharp teeth.
You have supernaturally acute eyesight. (SInv)
You can survive without breathing.
You have hoof-like feet.
You are partially covered in icy blue scales. (AC +2)
You are partially covered in large bone plates. (SH +4)


Message History

* * * LOW HITPOINT WARNING * * *
You swap places.
The barbed spikes dig painfully into your body as you move.
* * * LOW HITPOINT WARNING * * *
The barbed spikes dig painfully into your body as you move.
* * * LOW HITPOINT WARNING * * *
The manticore misses your butterfly. The manticore claws your butterfly!
Your butterfly dies!
The barbed spikes dig painfully into your body as you move.
* * * LOW HITPOINT WARNING * * *
You carefully extract the barbed spikes from your body.
The manticore barely misses your butterfly.
The manticore claws your butterfly!
Your butterfly dies!
There is a stone staircase leading up here.
The manticore flicks its tail.
The volley of spikes hits you!
The barbed spikes become lodged in your body.
You die...
Xom snickers!

############..#.##.
#.............#.##.
#.###########.#.##.
#.# #.#.##. #.#
#.#.#..
#.###########.#.###
#..H...............
#..##########.#.###
#.@...........#....
#..############.###
#### ###


You could see a manticore.

Vanquished Creatures
  A scorpion (D:5)
  A howler monkey (D:4)
  A hound (D:4)
  3 orc priests (D:3)
  An orc wizard (D:4)
  2 worker ants (D:4)
  An iguana (D:4)
  4 gnolls (D:4)
  5 adders
  A worm (D:3)
  4 dart slugs
  14 orcs
  9 bats
  3 giant cockroaches
  3 goblins
  5 hobgoblins
  4 jackals (D:4)
  2 quokkas (D:2)
  A ball python (D:1)
  4 frilled lizards
  5 kobolds
  2 rats
76 creatures vanquished.

Vanquished Creatures (collateral kills)
  A worker ant (D:4)
1 creature vanquished.

Vanquished Creatures (others)
  A ball lightning (D:1)
1 creature vanquished.

Grand Total: 78 creatures vanquished

Notes
Turn   | Place    | Note
-------+----------+-------------------------------------------
     0 | D:1      | Buxparty the Vampire Chaos Knight began the quest for the
                  | Orb.
     0 | D:1      | Reached XP level 1. HP: 17/17 MP: 1/1
    47 | D:1      | XOM: potion effect (brilliance)
   134 | D:1      | Reached XP level 2. HP: 20/23 MP: 2/2
   144 | D:1      | XOM: silly message
   477 | D:1      | XOM: cloud trail
   527 | D:1      | XOM: medium Necr miscast
   528 | D:1      | Noticed a shadow
   528 | D:1      | Noticed a shadow
   643 | D:1      | XOM: silly message
   720 | D:1      | XOM: severe Air miscast
   813 | D:1      | XOM: give mutations
   813 | D:1      | Gained mutation: You are partially covered in large bone
                  | plates. (SH +4) [Xom's grace]
   813 | D:1      | Gained mutation: You have large cloven feet. [Xom's grace]
   813 | D:1      | Gained mutation: You are partially covered in icy blue
                  | scales. (AC +2) [Xom's grace]
   813 | D:1      | Gained mutation: You have hoof-like feet. [Xom's grace]
   850 | D:2      | Reached XP level 3. HP: 22/29 MP: 3/3
   882 | D:2      | XOM: god gift: 30 gold pieces
   962 | D:2      | XOM: fake destruction
  1047 | D:2      | Found a shattered altar of Ashenzari.
  1477 | D:2      | XOM: scenery: 1 doors open
  1484 | D:2      | Reached skill level 4 in Long Blades
  1504 | D:2      | Found a glowing golden altar of the Shining One.
  1581 | D:3      | Reached XP level 4. HP: 35/35 MP: 4/4
  1622 | D:3      | XOM: god gift: crude cloak {god gift}
  1623 | D:3      | Got a crude cloak {god gift}
  1634 | D:3      | Identified the +1 cloak of Midnight {*Corrode Dex+10} (Xom
                  | gifted it to you on level 3 of the Dungeon)
  1686 | D:3      | XOM: fog
  1691 | D:3      | Reached skill level 1 in Stealth
  1694 | D:3      | Reached XP level 5. HP: 18/41 MP: 5/5
  1947 | D:3      | XOM: 3-stop teleportation journey
  2525 | D:4      | Reached XP level 6. HP: 44/48 MP: 6/6
  2536 | D:4      | Found a sacrificial altar of Ru.
  2536 | D:4      | Found an ancient bone altar of Kikubaaqudgha.
  2596 | D:4      | XOM: cloud trail
  2845 | D:4      | Found a staircase to the Ecumenical Temple.
  2847 | D:4      | XOM: summons friendly quasit
  2870 | Temple   | Entered the Ecumenical Temple
  2960 | Temple   | XOM: god gift: 4 rations
  3104 | Temple   | XOM: god gift: wand of clouds (6)
  3160 | D:4      | Reached skill level 5 in Long Blades
  3294 | D:4      | XOM: god gift: 52 gold pieces
  3310 | D:5      | Entered Level 5 of the Dungeon
  3354 | D:5      | Found a white marble altar of Elyvilon.
  3473 | D:5      | Noticed a shapeshifter
  3473 | D:5      | a hound changed into a shapeshifter
  3473 | D:5      | Noticed a wind drake
  3473 | D:5      | a shapeshifter changed into a wind drake
  3477 | D:5      | XOM: butterfly on damage
  3483 | D:5      | XOM: divination: magic mapping
  3528 | D:5      | Noticed a manticore
  3565 | D:5      | XOM: potion effect (agility)
  3568 | D:5      | XOM: butterfly on damage
  3572 | D:5      | HP: 2/49 [barbs]
  3580 | D:5      | Killed from afar by a manticore (shapeshifter)

Levels and vault maps discovered:
D:1:      minmay_arrival_loop, layout_loops_ring, minmay_pentomino_u4
D:2:      layout_loops_ring, nicolae_ashenzari_panopticon,
          nicolae_tso_swordbearing_angel, minmay_misc_feat_encased
D:3:      layout_loops_cross
D:4:      layout_basic, gammafunk_temple_overflow_elements,
          minmay_temple_entry_grid
D:5:      kennysheep_spiral_hall, layout_basic, lemuel_doored_altar,
          first_ration
Temple:   oiseaux_autumnal_temple

Skill      XL: |  1  2  3  4  5  6 |
---------------+-------------------+-----
Fighting       | 3 4 |  4.3
Long Blades    | 4 5 |  5.1
Dodging        | 3 4 |  4.4
Stealth        | 1 3 4 |  4.4
Armour         | |  0.8

Action                   |  1- 3 |  4- 6 || total
-------------------------+-------+-------++-------
Melee: Falchion          |    79 |   108 ||   187
       Bite              |     8 |    20 ||    28
       Kick              |     6 |    37 ||    43
 Stab: Paralysed         |     5 |       ||     5
       Sleeping          |     1 |     2 ||     3
       Distracted        |       |     1 ||     1
       Petrifying        |       |     2 ||     2
       Petrified         |       |     1 ||     1
Armor: Leather armour    |    21 |    26 ||    47
Dodge: Dodged            |    44 |    75 ||   119
Block: Other             |    12 |    17 ||    29
       Rpst.: Falchion   |    18 |    26 ||    44

Table legend:
 A = Non-vault XP
 B = Vault XP
 C = Vault XP percentage of total XP
 D = Non-vault monster count
 E = Vault monster count
 F = Vault count percentage of total count
                 A         B        C        D         E       F
            +---------+---------+-------+---------+---------+-------
      Total |     707 |       2 |   0.3 |      76 |       1 |   1.3
            +---------+---------+-------+---------+---------+-------
        D:1 |      20 |       2 |   9.1 |       9 |       1 |  10.0
        D:2 |      74 |       0 |   0.0 |      22 |       0 |   0.0
        D:3 |     173 |       0 |   0.0 |      19 |       0 |   0.0
        D:4 |     368 |       0 |   0.0 |      25 |       0 |   0.0
        D:5 |      72 |       0 |   0.0 |       1 |       0 |   0.0
            +---------+---------+-------+---------+---------+-------
